AoeStats
← 只会打步弓

Runestones

507516281Analyzed
1v1 RM · 14d ago on Sep 18, 2026· 40m 22s· 2 players
Game mode
Random Map
Map size
Tiny (2 player)
Population
200
Speed
Normal
Resources
Standard
Victory
Conquest
Starting age
Dark Age
Ending age
Imperial Age
RankedLock teamsTeams togetherTeam positionsShared explorationLock speedFull tech treeHidden civsTurbo modeCheats
Victory
Defeat
🇨🇳 Mapuche · China
1824
+15
🇵🇰 Chinese · Pakistan
1796
-15
Malik Bhai
0:26 Loom
9:10 Feudal Age
9:57 Double-Bit Axe
9:52 Horse Collar
18:17 Castle Age
16:50 Fletching
16:54 Gold Mining
17:06 Stone Mining
19:00 Bodkin Arrow
20:23 Bow Saw
20:14 Heavy Plow
20:53 Wheelbarrow
20:45 Bodkin Arrow
29:44 Imperial Age
28:58 Ballistics
29:38 Padded Archer Armor
30:34 Leather Archer Armor
31:33 Chemistry
30:39 Bracer
33:52 Elite Chu Ko Nu
37:13 Ring Archer Armor
40:19 Thumb Ring
只会打步弓
6:23 Loom
8:46 Feudal Age
9:26 Double-Bit Axe
10:01 Horse Collar
17:01 Castle Age
16:42 Fletching
16:43 Gold Mining
17:37 Bodkin Arrow
18:20 Bow Saw
20:10 Padded Archer Armor
21:00 Ballistics
21:20 Leather Archer Armor
22:50 Town Watch
26:53 Wheelbarrow
35:13 Imperial Age
33:22 Malon
35:22 Gold Shaft Mining
34:49 Heavy Plow
34:52 Elite Skirmisher
36:29 Elite Bolas Rider
37:48 Ring Archer Armor
38:43 Chemistry
39:04 Conscription
Connection lost

Rejoining the realm…

Still unreachable

The connection could not be restored.

Session expired

The server has moved on; the page needs a fresh start.